Cogmind - Beta 13 @@@ ROGUE MODE // 2024.04.27 @ 13:25:31 Player: DONGSPRAYER9000 Result: Destroyed by Y-45 Defender with Heavy Assault Rifle Performance ------------- Evolutions (1) 500 Regions Visited (3) 600 Robots Destroyed (50) 250 Value Destroyed (884) 884 Prototype IDs (1) 20 Alien Tech Used (0) 0 Bonus (53) 53 TOTAL SCORE: 2307 Bonus ------- High Alert Combat Kills 53 Cogmind --------- Core Integrity 0/400 Matter 239/300 Energy 265/265 System Corruption 1% Temperature Cool (0) Movement Rolling (100) Location -9/Materials Parts ------- > --- POWER (1) -------- Improved Ion Engine > --- PROPULSION (4) --- Compact Wheel Compact Wheel Compact Wheel Compact Wheel > --- UTILITY (2) ------ Large Storage Unit Hardened Light Armor Plating > --- WEAPON (2) ------- Assault Cannon Assault Cannon > --- INVENTORY (15) --- Light Ion Engine Compact Wheel Compact Wheel Compact Wheel Sensor Array Hardened Light Armor Plating Assault Cannon Assault Cannon Assault Cannon Assault Cannon Assault Cannon Peak State ------------ > --- POWER ------------ Heavy Ion Engine > --- PROPULSION ------- Wheel Compact Wheel Compact Wheel Compact Wheel > --- UTILITY ---------- Large Storage Unit Hardened Light Armor Plating > --- WEAPON ----------- Assault Cannon Assault Cannon > --- INVENTORY -------- Light Ion Engine Improved Ion Engine Compact Wheel Compact Wheel Compact Wheel Compact Wheel Compact Wheel Sensor Array Signal Interpreter Hardened Light Armor Plating Light Assault Rifle Assault Cannon Assault Cannon Heavy Explosive Trap Heavy Explosive Trap [Rating: 18] Favorites ----------- Power Ion Engine Engine Ion Engine Propulsion Compact Wheel Leg Aluminum Leg Wheel Compact Wheel Utility Large Storage Unit Device Structural Scanner Storage Large Storage Unit Protection Hardened Light Armor Plating Weapon Assault Rifle Ballistic Gun Assault Rifle Ballistic Cannon Assault Cannon Launcher EMP Blaster Build | -11 -10 -10 -9 ------- Run | Yrd Mat Min Mat Slots Evolved 2 | . . . 2 Power . | . . . . Propulsion 2 | . . . 2 Utility . | . . . . Weapon . | . . . . Parts Attached 34 | 6 1 3 24 Power 4 | 1 . 1 2 Engine 4 | 1 . 1 2 Core . | . . . . Reactor . | . . . . Propulsion 17 | 2 . 2 13 Treads . | . . . . Leg 2 | 2 . . . Wheel 15 | . . 2 13 Hover . | . . . . Flight . | . . . . Utility 5 | 1 1 . 3 Device 2 | . 1 . 1 Storage 2 | 1 . . 1 Processor . | . . . . Hackware . | . . . . Protection 1 | . . . 1 Artifact . | . . . . Weapon 8 | 2 . . 6 Energy Gun . | . . . . Energy Cannon . | . . . . Ballistic Gun 4 | 2 . . 2 Ballistic Cannon 2 | . . . 2 Launcher 2 | . . . 2 Special Weapon . | . . . . Impact Weapon . | . . . . Slashing Weapon . | . . . . Piercing Weapon . | . . . . Special Melee Weapon . | . . . . Unidentified Prototypes 1 | . . . 1 Parts Lost 11 | . . . 11 Power . | . . . . Propulsion 7 | . . . 7 Utility 1 | . . . 1 Weapon 3 | . . . 3 Highest Loss Streak 3 | . . . 3 To Critical Strikes . | . . . . Average Slot Usage (%) 92 | . 88 99 90 Engine 11 | . 14 14 11 Leg 5 | . 28 15 . Wheel 30 | . . 11 38 Device 5 | . 3 14 4 Storage 11 | . 14 14 11 Protection 4 | . . . 6 Ballistic Gun 16 | . 28 28 12 Ballistic Cannon 4 | . . . 5 Naked Turns . | . . . . Heaviest Build 43 | 14 15 15 43 Greatest Support 64 | 20 20 20 64 Greatest Overweight (x) 1 | . . 1 1 Average Overweight (x) . | . . . . Largest Inventory Capacity 15 | 8 8 8 15 Average Capacity 12 | 7 8 8 14 Most Carried 15 | 6 8 8 15 Average Carried 10 | 4 6 7 12 Final Capacity 15 | 8 8 8 15 Final Carried 11 | 6 7 7 11 Class Distribution -------------------- 91% | Mutant 8% | Scavenger-Mutant Dominant Class ---------------- Mutant | -10/Materials Mutant | -10/Mines Mutant | -9/Materials Resources | -11 -10 -10 -9 ----------- Run | Yrd Mat Min Mat Matter Collected 1211 | 204 108 84 815 Remotely . | . . . . Salvage Created 1214 | 26 72 119 997 Parts 100 | 4 6 12 78 Haulers Intercepted . | . . . . Recyclers Shooed 1 | . . . 1 Parts Field Recycled . | . . . . Retrieved Matter . | . . . . Parts Self-Destructed . | . . . . Prevented . | . . . . Kills | -11 -10 -10 -9 ------- Run | Yrd Mat Min Mat Combat Hostiles Destroyed 37 | . 5 5 27 Guns 27 | . 5 5 17 Cannons 9 | . . . 9 AOE 1 | . . . 1 Classes Destroyed 7 | 1 1 1 4 Worker 6 | . . . 6 Tunneler 1 | 1 . . . Recycler 2 | . . . 2 Watcher 4 | . . . 4 Swarmer 24 | . 5 3 16 Grunt 6 | . . 2 4 Sentry 7 | . . . 7 Best Kill Streak 7 | 1 3 3 7 Combat Bots Only 6 | . 3 3 6 Max Kills in Single Turn 2 | 1 2 2 2 Gunslinging 1 | . 1 1 1 Exploded 1 | . . . 1 Melee . | . . . . Uniques/NPCs Destroyed . | . . . . Combat | -11 -10 -10 -9 -------- Run | Yrd Mat Min Mat Hostile Shots Fired 186 | . 29 13 144 Missed 41 | . 8 4 29 Damage Taken 1753 | . 191 113 1449 Core 445 | . 32 12 401 Absorbed by Shields . | . . . . Core Remaining (%) 91 | 100 . 82 . Volleys Fired 120 | 1 7 9 103 Largest 2 | 2 2 2 2 Hottest 88 | 40 40 40 88 Shots Fired 212 | 2 14 18 178 Gun 154 | 2 14 18 120 Cannon 52 | . . . 52 Launcher 6 | . . . 6 Special . | . . . . Kinetic 206 | 2 14 18 172 Thermal . | . . . . Explosive . | . . . . Electromagnetic 6 | . . . 6 Robot Hit Streak 16 | 1 3 3 16 Robot Miss Streak 9 | . 3 3 9 Penetration Max . | . . . . Secondary Targets 4 | . 1 1 2 Max Gunslinging Chain 1 | . 1 1 1 Shots Hit Robots 111 | 1 6 11 93 Core Hits 57 | 1 5 7 44 Critical Kills 1 | . 1 . . Critical Parts Destroyed . | . . . . Critical Strikes 1 | . 1 . . Destroy 1 | . 1 . . Melee Attacks . | . . . . Impact . | . . . . Slashing . | . . . . Piercing . | . . . . Sneak Attacks . | . . . . Combat Hostiles . | . . . . Follow-up Attacks . | . . . . Damage Inflicted 1895 | 12 79 146 1658 Guns 1170 | 12 79 146 933 Cannons 562 | . . . 562 Explosions 163 | . . . 163 Melee . | . . . . Ramming . | . . . . Kinetic 1732 | 12 79 146 1495 Thermal . | . . . . Explosive . | . . . . Electromagnetic 163 | . . . 163 Impact . | . . . . Slashing . | . . . . Piercing . | . . . . Highest Corruption 1 | . 1 1 1 Average Corruption 1 | . 1 1 1 Corruption Purged . | . . . . Corruption Blocked . | . . . . Effects 6 | . . . 6 Message Errors 1 | . . . 1 Matter Fused 1 | . . . 1 Heat Flow Errors 1 | . . . 1 Energy Discharges 2 | . . . 2 Data Loss (minor) 1 | . . . 1 Overload Shots . | . . . . Overflow Damage 16 | . . . 16 Projectiles . | . . . . Explosions 16 | . . . 16 Melee . | . . . . Knockbacks 2 | . . . 2 Impact . | . . . . Kinetic 2 | . . . 2 Secondary . | . . . . Self-Inflicted Damage 76 | . . . 76 Shots 4 | . . . 4 Rammed . | . . . . Targets Rammed . | . . . . Kicked . | . . . . Crushed . | . . . . Highest Temperature 556 | . . 2 556 Average Temperature 164 | . . 2 168 Received Heat Transfer 444 | . 42 54 348 Effects 8 | . . . 8 Shutdowns 3 | . . . 3 Energy Bleed 1 | . . . 1 Interference 1 | . . . 1 Matter Decay 1 | . . . 1 Damage (core) 2 | . . . 2 Siege Activations . | . . . . Robots Corrupted . | . . . . Combat Hostiles . | . . . . Parts Fried . | . . . . Impact Corruptions . | . . . . Robots Melted . | . . . . Combat Hostiles . | . . . . Parts Melted . | . . . . Heat Transferred . | . . . . Parts Sabotaged . | . . . . Parts Stolen . | . . . . Parts Stripped . | . . . . Power Chain Reactions . | . . . . Alert | -11 -10 -10 -9 ------- Run | Yrd Mat Min Mat Peak Influence 571 | 5 138 173 571 Initial 66 | . 3 53 66 Average 235 | 1 72 99 314 Maximum Alert Level 2 | . . . 2 Low Security (%) 38 | 100 100 100 9 Level 1 47 | . . . 70 Level 2 13 | . . . 19 Level 3 . | . . . . Level 4 . | . . . . Level 5 . | . . . . High Security . | . . . . Max Security . | . . . . Squads Dispatched 5 | . 2 . 3 Investigation 3 | . 1 . 2 Extermination . | . . . . Reinforcement 2 | . 1 . 1 Assault . | . . . . Garrison . | . . . . Intercept . | . . . . Searches Triggered . | . . . . Construction Impeded . | . . . . Haulers Reinforced . | . . . . Active Scanning Responses . | . . . . Cargo Convoy Interrupts . | . . . . Stealth | -11 -10 -10 -9 --------- Run | Yrd Mat Min Mat Distress Signals 1 | . . . 1 Communications Jammed . | . . . . Distress Signals . | . . . . Times Spotted 57 | . 11 5 41 Peak Tracking Total 8 | . 4 3 8 Tactical Retreats 3 | . . . 3 Traps | -11 -10 -10 -9 ------- Run | Yrd Mat Min Mat Traps Triggered . | . . . . Indirectly . | . . . . Trap Hack Attempts . | . . . . Triggered . | . . . . Disarmed . | . . . . Reprogrammed . | . . . . Reused 1 | . . . 1 Traps Extracted . | . . . . Installed 1 | . . . 1 Triggered 1 | . . . 1 Most Traps Carried 3 | . . 3 3 Machines | -11 -10 -10 -9 ---------- Run | Yrd Mat Min Mat Machines Disabled 1 | . . . 1 Max in Single Turn 1 | . . . 1 Machines Repaired . | . . . . Machines Dismantled . | . . . . Machines Sabotaged . | . . . . Overloaded Fab Kills . | . . . . Hacking | -11 -10 -10 -9 --------- Run | Yrd Mat Min Mat Machines Accessed 7 | . 2 . 5 Terminals 4 | . 1 . 3 Fabricators . | . . . . Repair Stations . | . . . . Recycling Units 2 | . 1 . 1 Scanalyzers 1 | . . . 1 Garrison Access . | . . . . Total Hacks 20 | . 6 . 14 Successful 11 | . 3 . 8 Failed 9 | . 3 . 6 Catastrophic 4 | . 1 . 3 Database Lockouts . | . . . . Manual 1 | . . . 1 Terminals 12 | . 4 . 8 Fabricators . | . . . . Repair Stations . | . . . . Recycling Units 4 | . 2 . 2 Scanalyzers 4 | . . . 4 Garrison Access . | . . . . Terminal Hacks 7 | . 3 . 4 Record 3 | . 2 . 1 Robot Analysis 1 | . . . 1 Level Access Points 1 | . . . 1 Emergency Access Points 1 | . . . 1 Locate Traps 1 | . 1 . . Fabricator Hacks . | . . . . Repair Station Hacks . | . . . . Recycling Unit Hacks . | . . . . Scanalyzer 4 | . . . 4 Insert Component 2 | . . . 2 Analyze 2 | . . . 2 Garrison Access Hacks . | . . . . Unauthorized Hacks . | . . . . Terminals . | . . . . Fabricators . | . . . . Repair Stations . | . . . . Recycling Units . | . . . . Scanalyzers . | . . . . Garrison Access . | . . . . Data Cores Recovered . | . . . . Used . | . . . . Hacking Detections 5 | . 2 . 3 Full Trace Events 3 | . 1 . 2 Feedback Events 2 | . 1 . 1 Corruption 2 | . 1 . 1 Feedback Blocked . | . . . . Robot Schematics Acquired . | . . . . Robots Built . | . . . . Authchips . | . . . . Time . | . . . . Total Robot Build Rating . | . . . . Part Schematics Acquired 2 | . . . 2 Parts Built . | . . . . Authchips . | . . . . Time . | . . . . Total Part Build Rating . | . . . . Parts Repaired . | . . . . Time . | . . . . Parts Recycled . | . . . . Recycled Matter . | . . . . Retrieved Matter . | . . . . Retrieved Components . | . . . . Parts Scanalyzed 2 | . . . 2 Part Schematics Acquired 2 | . . . 2 Parts Damaged 1 | . . . 1 Bothacking | -11 -10 -10 -9 ------------ Run | Yrd Mat Min Mat Used RIF Installer . | . . . . Robots Hacked . | . . . . Non-combat . | . . . . Combat . | . . . . Robot Hacks Applied . | . . . . Relay Couplers Released . | . . . . Fabnet Peak Effective % . | . . . . Robots Rewired . | . . . . Allies Hacked . | . . . . Hacks Repelled . | . . . . Allies | -11 -10 -10 -9 -------- Run | Yrd Mat Min Mat Total Allies . | . . . . Largest Group . | . . . . Highest-Rated Group . | . . . . Highest-Rated Ally . | . . . . Total Orders . | . . . . Ally Attacks . | . . . . Total Damage . | . . . . Kills . | . . . . Allies Corrupted . | . . . . Allies Melted . | . . . . Intel | -11 -10 -10 -9 ------- Run | Yrd Mat Min Mat Robot Analysis Total 1 | . . . 1 Derelict Logs Recovered . | . . . . Drone Launches . | . . . . Drone Recoveries . | . . . . Exploration | -11 -10 -10 -9 ------------- Run | Yrd Mat Min Mat Turns Passed 1689 | 128 159 257 1145 Spaces Moved 1264 | 96 112 218 838 Core 11 | 11 . . . Treads . | . . . . Legs 293 | 85 112 96 . Wheels 960 | . . 122 838 Hover . | . . . . Flight . | . . . . Fastest Speed 50 | 50 120 80 80 Average Speed 96 | 111 120 98 91 Slowest Speed 190 | 120 120 190 101 Overloaded Moves . | . . . . Propulsion Burnouts . | . . . . Robots Hopped . | . . . . Cave-ins Triggered . | . . . . Exploration Rate (%) 35 | 5 25 49 61 Regions Visited 3 Branch Regions 1 Pre-discovered Areas . | . . . . Known Exits Taken . | . . . . Unknown Exits Taken 3 | 1 1 1 . Scrap Searched 1 | . . 1 . Spaces Dug . | . . . . Terrain Destroyed 14 | . . . 14 Melee . | . . . . Projectile 14 | . . . 14 AOE . | . . . . Terrain Rammed . | . . . . Walls Destroyed . | . . . . Machines Disabled . | . . . . Actions | -11 -10 -10 -9 --------- Run | Yrd Mat Min Mat Total 1525 | 114 122 246 1043 Wait 20 | . 1 1 18 Move 1261 | 95 111 217 838 Hop . | . . . . Pick Up 60 | 12 2 8 38 Fast Attach . | . . . . Attach 25 | 6 1 2 16 Detach . | . . . . Swap 9 | . . 1 8 Drop 29 | . . 8 21 Fire 120 | 1 7 9 103 Melee . | . . . . Ram . | . . . . Kick . | . . . . Crush . | . . . . Escape Stasis . | . . . . Rewire . | . . . . Trap 1 | . . . 1 Miscellaneous . | . . . . Route ------- -11/Scrapyard -10/Materials -10/Mines (discovered 2 exits: *Mat / [Exi]) -9/Materials (discovered 3 exits: Mat x3) History --------- Turn | Location | Event 35 | -11/Scrapyard | Discovered new exit (range 16) 129 | -11/Scrapyard | Entered Materials 225 | -10/Materials | Discovered new exit (range 14) 288 | -10/Materials | Entered Mines 308 | -10/Mines | Build established: Mutant 315 | -10/Mines | Found a hidden stash of uninstalled traps 355 | -10/Mines | Discovered new exit (range 15) 509 | -10/Mines | Discovered new exit (range 8) 545 | -10/Mines | Entered Materials 545 | -9/Materials | Evolved 2 slots: Propulsion x2 684 | -9/Materials | Lost 3 parts (2n1u) 699 | -9/Materials | Identified exit to Materials 1327 | -9/Materials | Core integrity fell below 50% 1561 | -9/Materials | Core integrity fell below 20% 1690 | -9/Materials | Destroyed by Y-45 Defender with Heavy Assault Rifle Last Messages --------------- >>Scanalyze Scanning: Hrd. Light Armor Plating... Schematic downloaded. >>Insert(Arm. Wheel) Scanning Arm. Wheel... Ready to analyze. >>Scanalyze Scanning: Arm. Wheel... Schematic downloaded. Dropped Broken Arm. Wheel. R-06 Scavenger collects Lgt. Ion Engine. Acquired 12 matter. R-06 Scavenger collects Flight Unit. Acquired 10 matter. R-06 Scavenger collects Broken Arm. Wheel. Acquired 5 matter. Dropped Hvy. Ion Engine. Dropped Lgt. Assault Rifle. R-06 Scavenger collects Lgt. Assault Rifle. U-05 Engineer builds a Wall. Map ----- +----------------------------------------------------+ | ??????????????????????????????????######"# #=!! | | ??????????????????????????????????# ^ %#[!% | | ????????????????????????????????# # %=%"[%! | | ??????????????????????????????????# !! !% | | ??????????????????????????????????# %= = | | ??????????????????????????????????# """ =#= | | ??????????????????????????????????# ""%% # | | ??????????????????????????????????# """ #### | | ????????????????????????????????### """ ###? | | ??????????????????????????????? #? | | ???????????????????????? Y ???? #? | | ???????????????????????? ???? """ #? | | ???????????????????????? ????#### """ ## | | ???????????????????????# #??????#### """ # | | ???????????????????????# #?????????# """ # | | ???????????????????????# #?????????# ^ # | | ???????????????????????# #????????## + | | ???????????????????????# #????????#" """ # | | ???????????????????????# #????????#T """ # | | ???????????????????????# #?#####??#" """ ## | | ???????????????????????# #? ???## """ #? | | ??????????????????????## # ??????# #? | | ??????????????????????## # ??????## ## | | ??????????????????????## r/ ???????## | | ??????????????????????## # ???????## ##T######## | | ??????????????????????## @ # ???????## ####??????? | | ??????????????????????## ##???????## ####??????? | | ?????? ???????######## u########### ##??????? | | ?????? ???????# # # ### ##??????? | | ?????? ???????# !] # ; ] "" ### ##??????? | | ????? ??????# !] *+ +% """ ### ##??????? | | ?????## ##??????# ] # r%; S" ### ##??????? | | ### ##??????# # #= % ### ######### | | ####### ##??????# # ########### ######### | | " # ### ######## # ## | | % # ################a # ## | | = *! # # ## | | % = !# ###########+########## + ## | | #+##/## ######### ####### # ## | | ! !###?## """ ##???## # ## | | !##?## "Y" ##???## ######### | | !##?## ##???## ##### | | !##?## ##???## ##??? | | !##?## ##???## ##??? | | !###?##########???###########??? | | ######################?##########???###########??? | | #####################????????????????????????????? | | ?????????????????????????????????????????????????? | | | | | +----------------------------------------------------+ Best States ------------- Heat Dissipation 28 Energy Generation 14 Energy Capacity 280 Matter Stores 300 Matter Capacity 300 Sight Range 16 Terrain Scan Density 10 Additional Mass Support 6 Armor Coverage 150 Evasion (%) 55 Item Schematics ----------------- Hrd. Light Armor Plating | -9/Materials | Scanalyzed Arm. Wheel | -9/Materials | Scanalyzed Robot Schematics ------------------ None Fabricated ------------ Nothing Alien Tech Used ----------------- None Achievements -------------- Let's See Who's Tougher Challenges ------------ None Game ------ Seed TractorAbsorptionPropulsion Manual? 0 Play Time 00:18:33 Cumulative 2.6 hours Start 2024.04.27 @ 13:06:50 End 2024.04.27 @ 13:25:31 Sessions 1 Manual Loads 0 Difficulty Rogue Special Mode None Game No. 6 Rogue 6 Adventurer 0 Explorer 0 Win Type - Total 0 Types 0/0/0/0/0/0/0/0/0 Lore% 1 Gallery% 6 Achievement% 9 Wizard Run 0 Options --------- Layout 1 ASCII 0 Keyboard 0 Movement Numpad Keybinds 0 Fullscreen 1 Font 48/Smallcaps Map View 50x35 Zoom Use 0% Tactical HUD 0 Map Filters NONE Filters NONE Steam 1 RUN: 1b97e602-f94b-4cfd-a095-310d8819e451